 Dungeon Crawl Stone Soup version 0.28.0-43-g3370ac3207 (webtiles) character file.

Game seed: 4277327777731726847

25 unlimited1921 the Magician (level 3, -2/25 HPs)
             Began as a Djinni Fire Elementalist on Feb 28, 2022.
             Slain by a jackal (3 damage)
             ... on level 1 of the Dungeon.
             The game lasted 00:05:29 (2985 turns).

unlimited1921 the Magician (DjFE)                   Turns: 2985, Time: 00:05:29

Health: -2/25      AC:  2    Str:  7    XL:     3   Next: 17%
Gold:   37         EV: 12    Int: 18    God:
                   SH:  0    Dex: 13

rFire   + + .      SeeInvis .   c - +0 dagger
rCold   x . .      Faith    .   (no shield)
rNeg    . . .      Spirit   .   a - +0 robe
rPois   ∞          Reflect  .   (no helmet)
rElec   .          Harm     .   (no cloak)
rCorr   .          Rampage  .   (no gloves)
Will    .....                   (boots unavailable)
Stlth   ++........              (no amulet)
HPRegen 0.08/turn               (no ring)
MPRegen 0.00/turn               (no ring)

@: flying
A: sickness immunity, fire resistance 2, cold vulnerability 1, float, innate
caster, HP casting, extra vitality 1
a: no special abilities


You were on level 1 of the Dungeon.
You visited 1 branch of the dungeon, and saw 2 of its levels.

You collected 37 gold pieces.

Inventory:

Hand Weapons
 c - a +0 dagger (weapon)
Missiles
 f - 20 stones
 g - 5 javelins (quivered)
Armour
 a - a +0 robe (worn)
Scrolls
 d - a scroll of fog {unknown}
 e - a scroll of identify {unknown}
 h - a scroll of immolation {unknown}
 i - a scroll of enchant armour {unknown}
 j - a scroll of teleportation {unknown}
 k - 3 scrolls of fear {unknown}
Potions
 b - a potion of magic {unknown}


   Skills:
 + Level 2.3 Dodging
 + Level 1.6 Stealth
 + Level 3.1 Spellcasting


You couldn't memorise any spells.
You knew the following spells:

 Your Spells              Type           Power      Damage    Failure   Level
a - Foxfire               Conj/Fire      56%        2x1d6     4%          1
b - Scorch                Fire           28%        2d6       7%          2
c - Conjure Flame         Conj/Fire      14%        6-21      13%         3
d - Inner Flame           Hex/Fire       14%        N/A       13%         3
e - Flame Wave            Conj/Fire      14%        2d6       41%         4
f - Slow                  Hex            56%        N/A       4%          1
Your spell library was empty.

Dungeon Overview and Level Annotations

Branches:
Dungeon (2/15)

Altars:

Shops:
D:1 !


Innate Abilities, Weirdness & Mutations

You are immune to sickness and miasma.
You are immune to poison.
Your flesh is very heat resistant. (rF++)
You are vulnerable to cold. (rC-)
You float through the air rather than walking.
You learn spells naturally, not from books.
Your magical power is your life essence.
You have superior vitality. (+4 MHP)


Message History

Casting: Foxfire (safe; 4% risk of failure)
Confirm with . or Enter, or press ? or * to list all spells.
You conjure some foxfire!
The bat barely misses you. The bat hits you but does no damage.
Your foxfire dissipates!
The adder hisses angrily.
The foxfire hits the bat.
The bat is moderately wounded.
The bat hits you but does no damage. The jackal closely misses you.
Casting: Foxfire (safe; 4% risk of failure)
Confirm with . or Enter, or press ? or * to list all spells.
You conjure some foxfire!
The foxfire hits the bat.
You kill the bat!
The jackal barely misses you.
The foxfire hits the jackal but does no damage.
The jackal is almost dead.
The jackal barely misses you. The jackal bites you.
* * * LOW HITPOINT WARNING * * *
You see here a +0 hand axe.
The jackal bites you.
* * * LOW HITPOINT WARNING * * *
There is a stone staircase leading up here.
The jackal bites you but does no damage.
The jackal misses you.
You fly upwards.
There is a stone staircase leading down here.
Casting: Foxfire (safe; 4% risk of failure)
Confirm with . or Enter, or press ? or * to list all spells.
Flames lash the jackal.
You kill the jackal!
* * * LOW HITPOINT WARNING * * *
The jackal bites you but does no damage.
The jackal bites you.
* * * LOW HITPOINT WARNING * * *
The jackal barely misses you. The jackal bites you.
* * * LOW HITPOINT WARNING * * *
The jackal bites you.
You die...

#..#.≈≈§≈≈.########
#..#..§≈≈..#
#..#⌠§.∩..⌠#
#..######### #######
#........# #......
####.....# #.#####
#.....# #.#....
##########.....########
#.#.###
................@h...>#
#.#.#.#
##.............######.#
#.#.#.#
#..............# #.#
#.#.#.#
#..............# #.#
###.#.#.#
##.########....# #.#
#...#.#.. #.# #....#
#.###.###.### #.#
#....#####.....# #....
#.######
###.......############
#......#
#...................


You could see a jackal.

Vanquished Creatures
  A worm (D:2)
  2 bats
  2 endoplasms (D:1)
  A goblin (D:1)
  2 hobgoblins (D:1)
  2 jackals
  3 kobolds (D:1)
  3 ball pythons (D:1)
  2 frilled lizards (D:1)
  3 rats (D:1)
21 creatures vanquished.

Vanquished Creatures (others)
  85 foxfires
  10 toadstools (D:2)
95 creatures vanquished.

Grand Total: 116 creatures vanquished

Notes
Turn   | Place    | Note
-------+----------+-------------------------------------------
     0 | D:1      | unlimited1921 the Djinni Fire Elementalist began the quest
                  | for the Orb.
     0 | D:1      | Reached XP level 1. HP: 15/15 MP: 0/0
   297 | D:1      | Found a faded altar of an unknown god.
   582 | D:1      | Reached XP level 2. HP: 18/21 MP: 0/0
  1048 | D:1      | Found Emeypoj's Distillery.
  2181 | D:1      | Reached skill level 3 in Spellcasting
  2808 | D:2      | Reached XP level 3. HP: 13/25 MP: 0/0
  2808 | D:2      | Learned a level 1 spell: Slow
  2982 | D:1      | HP: 1/25 [jackal (1)]
  2985 | D:1      | Slain by a jackal

Illustrated notes

Levels and vault maps discovered:
D:1:      dpeg_arrival_leaves_temple_mockup, layout_basic, serial_shops,
          nicolae_lakefront_shop, chequers_ecumenical_altar_simple
D:2:      cheibrodos_fertilizer, layout_rooms, minmay_tromino_v7

Skill      XL: |  1  2 |
---------------+-------+-----
Spellcasting   | 3 |  3.1
Dodging        | |  2.3
Stealth        | |  1.6

Action                   || total
-------------------------++-------
Melee: Dagger            ||     1
 Cast: Foxfire           ||    51
       Scorch            ||     1
Armor: Robe              ||     7
Dodge: Dodged            ||    14
